 Dungeon Crawl Stone Soup version 0.30-a0-634-g8abc85282e (webtiles) character file.

Game seed: 10043968302766513881

3822 arthad the Summoner (level 9, -14/40 HPs)
             Began as a Felid Summoner on Jan 14, 2023.
             Was an Initiate of Gozag.
             Shot with a bolt by a tengu warrior (33 damage)
             ... on level 8 of the Dungeon.
             The game lasted 00:43:50 (8525 turns).

arthad the Summoner (Felid Summoner)                Turns: 8525, Time: 00:43:50

Health: -14/40     AC:  2    Str:  4    XL:     9   Next: 97%
Magic:  6/20       EV: 21    Int: 21    God:    Gozag
Gold:   588        SH:  0    Dex: 16    Spells: 8/21 levels left
                                        Lives:  0   Deaths: 2

rFire   . . .      SeeInvis +      - Unarmed
rCold   . . .      Faith    .    (shield unavailable)
rNeg    . . .      Spirit   .    (body armour unavailable)
rPois   .          Reflect  .    (helmet unavailable)
rElec   .          Harm     .    (cloak unavailable)
rCorr   .          Rampage  .    (gloves unavailable)
Will    +....                    (boots unavailable)
Stlth   ++                       (no amulet)
HPRegen 0.26/turn                (no ring)
MPRegen 0.17/turn                (no ring)

@: gold aura, quick
A: very small, claws 1, fangs 3, see invisible, speed 1, shaggy fur 2, stealthy
paws, no weapons or thrown items, no armour, multi-lived
a: Renounce Religion, Potion Petition, Call Merchant, Bribe Branch


You were on level 8 of the Dungeon.
You worshipped Gozag.
Gozag was pleased with you.
You visited 1 branch of the dungeon, and saw 8 of its levels.
You also visited: Ossuary.

You collected 711 gold pieces.
You paid 123 gold pieces to Gozag.

Inventory:

Hand Weapons
 u - the +4 trident of Guqopp {heavy, *Slow +Blink rN+++ Dex-4}
   (You found it on level 6 of the Dungeon)

   Dex:       It affects your dexterity (-4).
   rN:        It renders you almost immune to negative energy.
   +Blink:    It lets you blink.
   *Slow:     It may slow you when you take damage.
 v - the +4 flail "Xautas" {elec, rC+ Will+}
   (You found it on level 6 of the Dungeon)

   rC:        It protects you from cold.
   Will:      It increases your willpower.
Armour
 A - the +0 ring mail of Foddom {+Blink +Inv Will- Str+6}
   (You found it on level 7 of the Dungeon)

   Str:       It affects your strength (+6).
   +Inv:      It lets you turn invisible.
   +Blink:    It lets you blink.
   Will:      It decreases your willpower.
Wands
 l - a wand of digging (7)
 y - a wand of quicksilver (4)
 z - a wand of mindburst (2)
 B - a wand of paralysis (11)
Scrolls
 b - 2 scrolls of torment
 c - 3 scrolls of fog {unknown}
 h - a scroll of summoning {unknown}
 i - 2 scrolls of enchant weapon {unknown}
 j - 2 scrolls of fear
 k - a scroll of brand weapon {unknown}
 m - 7 scrolls of teleportation
 p - a scroll of enchant armour
 s - a scroll of noise {unknown}
 t - 3 scrolls of magic mapping
 x - a scroll of immolation {unknown}
Potions
 a - 3 potions of magic
 d - 3 potions of curing
 e - a potion of heal wounds
 f - 3 potions of attraction
 g - 3 potions of might {unknown}
 n - a potion of flight {unknown}
 o - 3 potions of haste {unknown}
 q - a potion of mutation {unknown}
 r - 5 potions of lignification
 w - a potion of brilliance {unknown}


   Skills:
 + Level 4.8 Fighting
 + Level 7.1 Dodging
 - Level 2.8 Stealth
 + Level 2.7 Unarmed Combat
 * Level 6.8 Spellcasting
 - Level 5.0 Hexes
 * Level 9.1 Summonings
 * Level 5.2 Air Magic


You had 8 spell levels left.
You knew the following spells:

 Your Spells              Type           Power      Damage    Failure   Level
a - Summon Small Mammal   Summ           100%       N/A       1%          1
b - Call Imp              Summ           45%        N/A       1%          2
c - Call Canine Familiar  Summ           45%        N/A       1%          3
d - Summon Guardian Gole  Hex/Summ       36%        N/A       1%          3
e - Summon Lightning Spi  Summ/Air       37%        N/A       4%          4

Your spell library contained the following spells:

 Spells                   Type           Power      Damage    Failure   Level
 Poisonous Vapours        Pois/Air       36%        N/A       4%          2
 Sting                    Tmut/Pois      28%        1d4       9%          1
 Anguish                  Hex/Necr       8%         N/A       32%         4
 Olgreb's Toxic Radiance  Pois           7%         N/A       65%         4
 Enfeeble                 Hex            14%        N/A       100%        7


Dungeon Overview and Level Annotations

Branches:
Dungeon (8/15)             Temple (0/1) D:6         Ossuary (visited)
   Lair: D:8-11

Altars:
Ashenzari
Cheibriados
Fedhas
Gozag
Kikubaaqudgha
Okawaru
Qazlal
Sif Muna
Trog
Uskayaw
Vehumet
Wu Jian

Annotations:
D:7 2 transporters, pokeman's ghost, novice DEHW


Innate Abilities, Weirdness & Mutations

You have sharp claws.
You have razor-sharp teeth.
You have supernaturally acute eyesight. (SInv)
You cover ground quickly. (Speed+)
You are covered in thick fur. (AC +2)
Your paws help you pounce on unaware monsters.
You are incapable of wielding weapons or throwing items.
You cannot wear armour.
You gain extra lives every three experience levels.


Message History

Your guardian golem explodes!
The fiery explosion engulfs your wolf!!!
Your wolf dies!
Your wolf's corpse disappears in a puff of smoke!
An orc comes into view. It is wielding a +0 hand axe.
The battlesphere is engulfed in blazing flames.
Casting: Summon Guardian Golem (safe; 1% risk of failure)
Confirm with . or Enter, or press ? or * to list all spells.
Your lightning spire shoots out a bolt of lightning at the tengu conjurer!
The bolt of electricity hits the tengu conjurer!
The tengu conjurer dies!
The battlesphere dissipates.
You hear a shout!
Casting: Call Canine Familiar (safe; 1% risk of failure)
Confirm with . or Enter, or press ? or * to list all spells.
A guardian golem appears, shielding your allies.
Your lightning spire shoots out a bolt of lightning at the orc!
The bolt of electricity hits the orc!
The orc dies!
An orc comes into view. It is wielding a +0 flail.
The tengu warrior is engulfed in blazing flames.
The tengu warrior shoots a bolt.
The bolt hits you!!
Ouch! That really hurt!
Your lightning spire shoots out a bolt of lightning at the tengu warrior!
The bolt of electricity misses the tengu warrior.
What are your orders? t - Meow!
Orders for allies: a - Attack new target. r - Retreat! s - Stop attacking. g - Guard the area. f - Follow me.
Anything else - Cancel.
Gang up on whom?
Press: ? - help, Dir - move target, f - tengu warrior
Aim: a tengu warrior, wielding a +0 arbalest and wearing a +0 leather armour (flame, lightly wounded, ally target) Attack!
The tengu warrior is engulfed in blazing flames.
The tengu warrior shoots a bolt.
The bolt hits you!!
Ouch! That really hurt!
You die...
Your body crumbles into a pile of gold.

#........#
###........#
#..........#
#.......####
#.......#####
#...........#
##....<.....#
#..........#
#..@.......#
#.9.....(..#
#.$........#
#####8....o....#
#........h........
$
#.##.#$...o.......
#....§Q#$#o#..
#....§.§.#....
......#.§.. ...


You could see a tengu warrior (ally target), 3 orcs, a friendly guardian golem
(summoned), a friendly wolf (summoned, sheltered) and a friendly lightning spire
(summoned, sheltered).

Vanquished Creatures
  A centaur zombie (Ossuary)
  An orc wizard (D:6)
  An orc (D:5)
  A giant cockroach (D:1)
  A quokka (D:4)
  A rat (D:1)
6 creatures vanquished.

Vanquished Creatures (collateral kills)
  Pikel (D:7)
  Maggie (D:6)
  A tengu conjurer (D:8)
  Prince Ribbit (D:6)
  Sigmund (D:2)
  A wyvern (D:8)
  A steam dragon (D:7)
  A water moccasin (D:6)
  Menkaure (D:6)
  2 black bears (D:5)
  A centaur (D:7)
  A lemure (D:7)
  A kobold brigand (D:7)
  2 phantoms
  3 elf zombies (Ossuary)
  A necrophage (D:6)
  A bullfrog (D:8)
  4 scorpions
  5 wights (D:7)
  4 centaur zombies (Ossuary)
  A hound (D:6)
  A jelly (D:4)
  4 human zombies (Ossuary)
  6 orc priests
  Terence (D:3)
  An iguana (D:5)
  8 orc wizards
  2 mummies (Ossuary)
  A gnoll (D:5)
  5 adders
  A dart slug (D:2)
  35 orcs
  10 ball pythons
  3 endoplasms
  3 giant cockroaches
  5 goblins
  2 hobgoblins
  7 jackals
  3 quokkas
  A bat (D:2)
  6 frilled lizards
  14 kobolds
  5 rats
159 creatures vanquished.

Vanquished Creatures (others)
  An orc warrior (D:6)
  A water moccasin (D:7)
  2 centaurs (D:7)
  A kobold brigand (D:6)
  A hound (D:5)
  A jelly (D:6)
  A gnoll bouda (D:5)
  An orc priest (D:5)
  Crazy Yiuf (D:3)
  A mummy (Ossuary)
  2 gnolls (D:5)
  An orc (D:5)
  2 fungi (D:1)
16 creatures vanquished.

Grand Total: 181 creatures vanquished

Notes
Turn   | Place    | Note
-------+----------+-------------------------------------------
     0 | D:1      | arthad the Felid Summoner began the quest for the Orb.
     0 | D:1      | Reached XP level 1. HP: 7/7 MP: 4/4
   481 | D:1      | Reached XP level 2. HP: 11/11 MP: 3/6
   540 | D:1      | Found a faded altar of an unknown god.
  1251 | D:2      | Learned a level 2 spell: Call Imp
  1264 | D:2      | Noticed a scorpion
  1297 | D:2      | Killed a scorpion
  1298 | D:2      | Reached skill level 5 in Summonings
  1298 | D:2      | Reached XP level 3. HP: 13/14 MP: 1/7
  1298 | D:2      | Reached XP level 4. HP: 17/18 MP: 1/8
  1302 | D:2      | Learned a level 3 spell: Call Canine Familiar
  1411 | D:2      | Noticed Sigmund
  1430 | D:2      | Killed Sigmund
  1431 | D:2      | Reached skill level 1 in Fighting
  1431 | D:2      | Reached skill level 6 in Summonings
  1431 | D:2      | Reached XP level 5. HP: 22/22 MP: 6/10
  1435 | D:2      | Learned a level 3 spell: Summon Guardian Golem
  2434 | D:3      | Gained mutation: You are covered in thick fur. (AC +2)
                  | [Felid growth]
  2434 | D:3      | Reached XP level 6. HP: 25/25 MP: 4/11
  2457 | D:3      | Found an iron altar of Okawaru.
  2634 | D:3      | Noticed Terence
  2660 | D:3      | Killed Terence
  2811 | D:3      | Found a runed translucent door.
  2812 | D:3      | Noticed Crazy Yiuf
  2874 | D:3      | Found a bloodstained altar of Trog.
  2874 | D:3      | Found an ancient bone altar of Kikubaaqudgha.
  3207 | D:3      | Killed Crazy Yiuf
  3208 | D:3      | Reached skill level 1 in Hexes
  4333 | D:5      | Entered Level 5 of the Dungeon
  4348 | D:5      | Reached XP level 7. HP: 24/30 MP: 3/13
  4549 | D:4      | Learned a level 4 spell: Summon Lightning Spire
  4822 | D:5      | Reached skill level 7 in Summonings
  4822 | D:5      | Reached skill level 1 in Air Magic
  4919 | D:5      | Found a stormy altar of Qazlal.
  5005 | D:5      | Noticed a +0 spear
  5005 | D:5      | Noticed a +0 dagger
  5006 | D:5      | Noticed a +0 spear
  5007 | D:5      | Noticed a +0 falchion
  5007 | D:5      | Noticed a +0 falchion
  5015 | D:5      | Noticed a +0 short sword
  5061 | D:5      | Noticed a +0 short sword
  5062 | D:5      | Noticed a +0 dagger
  5065 | D:5      | Found a hide-covered altar of Uskayaw.
  5081 | D:5      | Reached XP level 8. HP: 22/34 MP: 2/15
  5193 | D:5      | Found a shimmering blue altar of Sif Muna.
  5526 | D:6      | Found a broken altar of Ashenzari.
  5566 | D:6      | Noticed Maggie
  5577 | D:6      | Reached skill level 5 in Dodging
  5601 | D:6      | Killed by an exploding themself... ignited by their inner
                  | flame
  5602 | D:6      | Reached XP level 7. HP: -20/31 MP: 8/15
  5616 | D:6      | Killed from afar by Maggie
  5617 | D:6      | Reached XP level 6. HP: -10/28 MP: 12/14
  5624 | D:6      | Noticed a water moccasin
  5812 | D:6      | Killed Maggie
  5813 | D:6      | Reached skill level 5 in Spellcasting
  5813 | D:6      | Reached XP level 7. HP: 25/31 MP: 1/15
  5843 | D:6      | Found a sand-covered staircase.
  5849 | Ossuary  | Entered an ossuary
  6064 | Ossuary  | Reached XP level 8. HP: 36/36 MP: 8/17
  6068 | Ossuary  | Reached skill level 8 in Summonings
  6359 | D:6      | Noticed Menkaure
  6375 | D:6      | Killed Menkaure
  6503 | D:6      | Found a blossoming altar of Fedhas.
  6553 | D:6      | Identified the +4 trident of Guqopp {heavy, *Slow +Blink
                  | rN+++ Dex-4}
  6609 | D:6      | Reached skill level 1 in Unarmed Combat
  6621 | D:6      | Reached skill level 5 in Hexes
  6785 | D:6      | Found an opulent altar of Gozag.
  6810 | D:6      | Identified the +4 flail "Xautas" {elec, rC+ Will+}
  6819 | D:6      | Became a worshipper of Gozag Ym Sagoz the Greedy
  7029 | D:6      | Found a staircase to the Ecumenical Temple.
  7031 | D:6      | Noticed Prince Ribbit
  7043 | D:6      | Killed Prince Ribbit
  7371 | D:7      | Noticed Pikel
  7388 | D:7      | Killed Pikel
  7389 | D:7      | Reached XP level 9. HP: 26/39 MP: 6/19
  7649 | D:7      | Found a transporter.
  7649 | D:7      | Noticed a centaur warrior
  7653 | D:7      | Found a transporter.
  7653 | D:7      | Noticed pokeman's ghost (novice DEHW)
  7717 | D:7      | Found a radiant altar of Vehumet.
  7953 | D:7      | Reached skill level 9 in Summonings
  7953 | D:7      | Reached skill level 5 in Air Magic
  8167 | D:7      | Identified the +0 ring mail of Foddom {+Blink +Inv Will-
                  | Str+6}
  8184 | D:7      | Found an ornate altar of the Wu Jian Council.
  8214 | D:7      | Found a snail-covered altar of Cheibriados.
  8511 | D:8      | Noticed a tengu conjurer
  8517 | D:8      | Noticed a tengu warrior
  8522 | D:8      | Killed a tengu conjurer
  8525 | D:8      | Shot with a bolt by a tengu warrior

Illustrated notes

Levels and vault maps discovered:
D:1:      dpeg_cavernosity, layout_loops_corners,
          shapermc_ecumenical_altar_venn, st_stairs_10
D:2:      layout_basic, serial_bayou_pond_e, uniq_sigmund
D:3:      layout_rooms, okawaru_metal_pillars_1_2,
          gammafunk_temple_overflow_statue, uniq_terence,
          uniq_crazy_yiuf_cottage
D:4:      layout_basic
D:5:      layout_cave_pools, nicolae_sif_muna_condensation,
          nicolae_uskayaw_en_pointe, grunt_qazlal_clouds
D:6:      layout_loops_ring, amcnicky_altar_gilded, nicolae_gozag_seed_capital,
          mainiacjoe_overflow_brackets, minmay_temple_entry_junction,
          nicolae_ossuary_entry_plus, minmay_misc_feat_pillars,
          lemuel_flamethrower_2, uniq_maggie, uniq_menkaure, uniq_prince_ribbit1
D:7:      layout_rooms, nicolae_wu_jian_glorious_leap,
          mainiacjoe_overflow_alcove_1, vehumet_crystals, gammafunk_ghost_arena,
          minivault_22, chequers_avenue, uniq_pikel
D:8:      layout_basic, hangedman_decor_lopped, nicolae_sextant

Skill      XL: |  1  2  3  4  5  6  7  8  9 |
---------------+----------------------------+-----
Summonings     | 5 6 7 8 9 |  9.1
Fighting       | 1 2 4 |  4.8
Dodging        | 3 4 6 7 |  7.1
Spellcasting   | 3 5 4 6 |  6.8
Hexes          | 4 3 5 |  5.0
Air Magic      | 3 1 4 5 |  5.2
Unarmed Combat | 2 |  2.7
Stealth        | |  2.8

Action                   |  1- 3 |  4- 6 |  7- 9 || total
-------------------------+-------+-------+-------++-------
Melee: Unarmed           |    16 |     7 |    54 ||    77
       Bite              |     2 |       |     9 ||    11
       Punch             |       |       |     4 ||     4
 Cast: Summon Small Mamm |    28 |    27 |    27 ||    82
       Call Imp          |     2 |    20 |    13 ||    35
       Call Canine Famil |       |    26 |    30 ||    56
       Summon Guardian G |       |     6 |    24 ||    30
       Summon Lightning  |       |       |    17 ||    17
  Use: Scroll            |       |     4 |     4 ||     8
       Potion            |       |     3 |     3 ||     6
Armor: Skin              |     2 |     2 |    16 ||    20
Dodge: Dodged            |    22 |    19 |   104 ||   145

Table legend: (Time is in decaauts)
 A = Elapsed time spent in this place.
 B = Non-inter-level travel time spent in this place.
 C = Inter-level travel time spent in this place.
 D = Time resting spent in this place.
 E = Time spent auto-exploring this place.
 F = Levels seen in this place.
 G = Mean time per level.
                   A        B        C        D        E       F      G
               +--------+--------+--------+--------+--------+-----+--------+
         Total |   7465 |   7228 |    237 |    327 |   5039 |   9 |  829.4 |
       Dungeon |   7079 |   6842 |    237 |    225 |   4847 |   8 |  884.9 |
       Ossuary |    386 |    386 |      0 |    102 |    192 |   1 |  386.0 |
               +--------+--------+--------+--------+--------+-----+--------+

Top non-repeatable levels by time:
     D:6: 1414 daAuts
     D:2: 1041 daAuts
     D:1: 1020 daAuts
     D:4: 990 daAuts
     D:5: 923 daAuts
     D:7: 866 daAuts
     D:3: 762 daAuts
 Ossuary: 386 daAuts
     D:8: 58 daAuts
